 Dungeon Crawl Stone Soup version 0.18.1-48-g4cf74bf (console) character file.

13212 CALLOUS the Blocker (level 12, -1/136 HPs)
             Began as a Formicid Wanderer on Sept 12, 2016.
             Was a Priest of Dithmenos.
             Slain by a mottled dragon (3 damage)
             ... on level 15 of the Dungeon.
             The game lasted 08:35:03 (22146 turns).

CALLOUS the Blocker (Formicid Wanderer)            Turns: 22146, Time: 08:35:04

Health: -1/136     AC: 26    Str: 23 (25) XL:     12   Next: 29%
Magic:  15/15      EV:  2    Int: 13 (17) God:    Dithmenos [***...]
Gold:   308        SH: 11    Dex:  4      Spells: 2 memorised, 7 levels left

rFire  + . .     SeeInvis .     G - +3 exec axe {chop, rF+ rN+ Dex-2}
rCold  . . .     Gourm    .     (armour currently unavailable)
rNeg   + + +     Faith    .     M - +0 shield
rPois  +         Spirit   .     (helmet unavailable)
rElec  .         Dismiss  .     (cloak currently unavailable)
rCorr  .         Reflect  .     (gloves currently unavailable)
SustAt .         Harm     .     (boots currently unavailable)
MR     +....                    (no amulet)
Stlth  ++........               (no ring)
                                (no ring)

@: liquid flames, tree-form, glowing, somewhat resistant to hostile
enchantments, unstealthy
A: permanent stasis, dig shafts and tunnels, four strong arms, (antennae 0),
(talons 0), (slimy green scales 0), deterioration 1, low mp 1, strong 2,
MP-powered wands
a: Shadow Step, Renounce Religion


You were on level 15 of the Dungeon.
You worshipped Dithmenos.
Dithmenos was most pleased with you.
You were near starving.
You were a tree.
You visited 3 branches of the dungeon, and saw 17 of its levels.

You collected 608 gold pieces.
You spent 300 gold pieces at shops.

Inventory:

Hand Weapons
 a - a +0 blowgun
 b - a +0 hand axe of venom
 u - a +0 hunting sling
 v - a +0 shortbow
 A - a +2 dagger of venom
 G - the +3 executioner's axe of Mestraecs (weapon) {chop, rF+ rN+ Dex-2}
   (You bought it in a shop on level 12 of the Dungeon)

   It inflicts extra damage upon your enemies.
   It affects your dexterity (-2).
   It protects you from fire.
   It protects you from negative energy.
 H - a +0 whip of draining
 N - a +2 hand axe
 Z - a +2 dagger of venom
Missiles
 g - 227 stones
 n - 18 poisoned needles
 p - 180 arrows
 y - 9 tomahawks
 K - 2 javelins (quivered)
 X - 7 poisoned tomahawks
Armour
 k - a cursed +0 pair of boots (melded)
 C - a +1 chain mail of cold resistance
 I - a +0 pair of gloves (melded)
 L - a +0 pair of gloves
 M - a +0 shield (worn)
 R - a +0 plate armour of cold resistance
 U - a +2 cloak (melded)
 W - a +0 leather armour of cold resistance (melded)
Magical Staves
 S - an uncursed staff of earth {unknown}
Rods
 o - a +0 lightning rod (0/12)
   (You found it on level 11 of the Dungeon)
Jewellery
 c - an uncursed ring of see invisible {unknown}
 e - a +2 ring of intelligence {unknown}
 B - an uncursed ring of poison resistance {unknown}
 E - an uncursed ring of wizardry {unknown}
 P - an uncursed ring of see invisible {unknown}
 T - a +3 amulet of reflection {unknown}
Wands
 d - a wand of confusion (3/48)
Scrolls
 h - 5 scrolls of enchant armour {unknown}
 i - 5 scrolls of teleportation {unknown}
 j - 4 scrolls of amnesia {unknown}
 m - 8 scrolls of identify {unknown}
 q - 2 scrolls of immolation {unknown}
 r - 3 scrolls of random uselessness {unknown}
 w - a scroll of magic mapping {unknown}
 x - a scroll of vulnerability {unknown}
 z - 11 scrolls of remove curse {unknown}
 D - 3 scrolls of fog {unknown}
 F - 2 scrolls of recharging {unknown}
 V - 4 scrolls of blinking {unknown}
Potions
 t - a potion of flight
 J - 2 potions of curing
Comestibles
 f - 3 beef jerkies


   Skills:
 + Level 7.4 Fighting
 - Level 2.0 Axes
 + Level 10.0(10.1) Slings
 - Level 1.0(5.8) Throwing
 + Level 7.3 Armour
 + Level 4.3 Stealth
 * Level 10.6 Shields
 * Level 7.1 Hexes
 * Level 8.5 Poison Magic
 * Level 7.1 Invocations
 + Level 0.2 Evocations


You had 7 spell levels left.
You knew the following spells:

 Your Spells              Type           Power        Failure   Level  Hunger
a - Cure Poison           Pois           ###.......   1%          2    ###....
b - Ensorcelled Hibernat  Hex/Ice        #.....       12%         2    ###....


Dungeon Overview and Level Annotations

Branches:
Dungeon (15/15)              Lair (1/8) D:9             Orc (1/2) D:10
 Temple: D:4-7       Vaults: D:13-14     Depths: D:15

Altars:
Ashenzari
Dithmenos
Elyvilon
Gozag
Nemelex Xobeh
Okawaru
Sif Muna
Trog
Xom
Yredelemnul
Zin
Beogh

Shops:
D:12 (

Annotations:
D:2 1 exclusion
D:3 1 exclusion
D:5 exclusions: jelly and scorpion
D:6 pEDwhipoffreezing, exclusions: scorpion and sky beast, Pikel
D:7 exclusion: killer bee
D:8 exclusions: 6 sensed monsters (detected) and slime creature
D:10 exclusions: komodo dragon and water moccasin
D:11 exclusions: adder, ice beast, water moccasin and yak
D:12 exclusions: basilisk and hydra
D:13 exclusions: centaur warrior, deep elf mage, electric eel, 2 giant frogs, 5 humans, necromancer and troll
D:14 exclusions: howler monkey, 2 sensed monsters (detected), tengu warrior and wizard
D:15 exclusions: 4 sensed monsters (detected) and yaktaur
Lair:1 exclusion: spiny frog
Orc:1 exclusions: orc knight and orc sorcerer


Innate Abilities, Weirdness & Mutations

You are under a permanent stasis effect.
You can dig through walls and to a lower floor.
Your four strong arms can wield two-handed weapons with a shield.
((You have a pair of large antennae on your head (SInv).))
((You have sharp toenails.))
((You are partially covered in slimy green scales (AC +2).))
Your body sometimes deteriorates upon taking damage.
Your magical capacity is low (-10% MP).
Your muscles are very strong. (Str +4)
You expend magic power (3 MP) to strengthen your wands.


Message History

You block the centaur warrior's attack.
The mottled dragon bites you but does no damage.
You block the mottled dragon's attack.
The centaur skeleton completely misses you.
The centaur warrior hits you but does no damage.
You slash the mottled dragon!
The mottled dragon is severely wounded.
You slash the centaur skeleton!
You completely miss the centaur warrior.
The centaur warrior is severely wounded.
You are covered in liquid flames!
* * * LOW HITPOINT WARNING * * *
The centaur skeleton barely misses you. You block the centaur warrior's attack.
You block the mottled dragon's attack.
The mottled dragon claws you but does no damage.
You block the giant frog's attack.
The centaur skeleton hits you but does no damage.
The centaur warrior hits you but does no damage.
You block the mottled dragon's attack. The mottled dragon claws you.
You die...

#)# #..#####..........
#)########...(.(...P.......
.)...........(...♣.♣♣Z..... .
................(P...........
..########.#####((...####..uu
..########.######.Z.#####....
............<(...............
####...######..######(.......
#...# #..######.#######
####...######..F.)....###
..........)....c♣Z..........
......######...D............
......# #..#########.....
......# #..# .....
......######..# .....
............... ....
.............### ###
##.#######...# #.# #.# #.#


You could see a centaur warrior, a mottled dragon, a giant frog and a centaur
skeleton.

Vanquished Creatures
  Sonja (D:11)
  An unseen horror (D:10)
  A hornet (D:14)
  3 ugly things (D:15)
  A gargoyle (D:15)
  2 trolls
  A two-headed ogre (D:15)
  A spriggan (D:8)
  A centaur simulacrum (D:13)
  A water elemental (D:13)
  17 yaks
  5 humans (D:13)
  A hungry ghost (D:15)
  2 hippogriffs
  The ghost of Tagedieb the Sneak, an amateur VSEn (D:5)
  3 ice beasts
  11 orc warriors
  A phantom (D:5)
  An eye of draining (D:10)
  5 centaurs
  5 ogres
  2 big kobolds
  6 giant frogs
  6 crimson imps
  2 giant frog zombies
  2 centaur zombies
  2 quasits
  4 hounds
  2 jellies
  10 orc wizards
  5 centaur skeletons
  2 giant frog skeletons
  8 orc priests
  4 iguanas
  Natasha (thrice) (D:2)
  8 worker ants
  A worker ant zombie (D:11)
  Robin (D:3)
  3 gnolls (D:11)
  14 adders
  A shadow imp (D:5)
  A white imp (D:13)
  3 ufetubi (D:13)
  2 oozes
  2 adder zombies
  2 worms
  A dart slug (D:1)
  5 giant geckos
  75 orcs
  4 giant cockroaches
  12 goblins
  7 hobgoblins
  16 jackals
  2 quokkas
  A ball python (D:3)
  5 bats
  A giant cockroach zombie (D:5)
  A giant gecko skeleton (D:4)
  A giant gecko zombie (D:6)
  2 giant newts
  A jackal skeleton (D:4)
  13 kobolds
  6 rats
  A fungus (D:9)
315 creatures vanquished.

Notes
Turn   | Place    | Note
--------------------------------------------------------------
     0 | D:1      | CALLOUS the Formicid Wanderer began the quest for the Orb.
     0 | D:1      | CALLOUS set off with: a +2 hand axe, 2 potions of curing, a +0 robe, a bread ration
     0 | D:1      | Reached XP level 1. HP: 16/16 MP: 1/1
   283 | D:1      | Reached XP level 2. HP: 22/22 MP: 2/2
   975 | D:2      | Noticed Natasha
  1053 | D:2      | Noticed a crimson imp
  1053 | D:2      | Killed Natasha
  1053 | D:2      | Reached skill level 5 in Armour
  1053 | D:2      | Reached XP level 3. HP: 9/28 MP: 3/3
  1154 | D:2      | Noticed Natasha
  1299 | D:2      | Killed Natasha
  1299 | D:2      | Reached XP level 4. HP: 19/34 MP: 4/4
  1608 | D:2      | Noticed Natasha
  1614 | D:2      | Killed Natasha
  2075 | D:2      | Reached XP level 5. HP: 41/41 MP: 5/5
  2217 | D:2      | Found a shattered altar of Ashenzari.
  3267 | D:3      | Found a white marble altar of Elyvilon.
  3267 | D:3      | Found a bloodstained altar of Trog.
  3271 | D:3      | Became a worshipper of Elyvilon the Healer
  3282 | D:3      | Found a glowing silver altar of Zin.
  3565 | D:3      | Found a faded altar to an unknown god.
  4226 | D:4      | Noticed Robin
  4263 | D:3      | Killed Robin
  4433 | D:4      | Reached XP level 6. HP: 47/47 MP: 6/6
  4472 | D:4      | Reached skill level 1 in Shields
  4804 | D:4      | Found an opulent altar of Gozag.
  4807 | D:4      | Found a sparkling altar of Nemelex Xobeh.
  4810 | D:4      | Found a deep blue altar of Sif Muna.
  4813 | D:4      | Found a basalt altar of Yredelemnul.
  4852 | D:4      | Identified the Handbook of Beguiling and Envenoming (You found it on level 4 of the Dungeon)
  4856 | D:4      | Learned a level 2 spell: Cure Poison
  4859 | D:4      | Learned a level 2 spell: Ensorcelled Hibernation
  4945 | D:4      | Reached skill level 1 in Invocations
  5112 | D:4      | Reached * piety under Elyvilon
  5136 | D:4      | Noticed an ogre
  5325 | D:2      | Found an iron altar of Okawaru.
  5325 | D:2      | Found a shimmering altar of Xom.
  5463 | D:5      | Entered Level 5 of the Dungeon
  5490 | D:5      | Reached skill level 1 in Hexes
  5653 | D:5      | Reached skill level 1 in Slings
  5653 | D:5      | Reached skill level 1 in Poison Magic
  5745 | D:5      | Reached XP level 7. HP: 21/54 MP: 8/8
  6078 | D:5      | Noticed Tagedieb's ghost (amateur VSEn)
  6114 | D:5      | Killed Tagedieb's ghost
  6602 | D:5      | Noticed a hippogriff
  6698 | D:5      | Reached ** piety under Elyvilon
  6791 | D:5      | Reached XP level 8. HP: 61/61 MP: 10/10
  7121 | D:5      | Found a shadowy altar of Dithmenos.
  7129 | D:5      | Fell from the grace of Elyvilon
  7129 | D:5      | Became a worshipper of Dithmenos the Shadowed
  9150 | D:6      | Reached skill level 5 in Fighting
  9672 | D:4      | Reached skill level 5 in Slings
  9672 | D:4      | Reached XP level 9. HP: 68/68 MP: 11/11
 10618 | D:4      | Gained mutation: Your magical capacity is low (-10% MP). [potion of mutation]
 10618 | D:4      | Gained mutation: You evolve. [potion of mutation]
 10618 | D:4      | Gained mutation: You expend magic power (3 MP) to strengthen your wands. [potion of mutation]
 10747 | D:5      | Gained mutation: Your muscles are strong. (Str +2) [evolution]
 10813 | D:6      | Noticed Pikel
 10929 | D:4      | Reached * piety under Dithmenos
 11203 | D:8      | Noticed a slime creature
 11263 | D:8      | Reached skill level 5 in Poison Magic
 12695 | D:8      | Reached skill level 5 in Shields
 13131 | D:9      | Gained mutation: Your body sometimes deteriorates upon taking damage. [evolution]
 13131 | D:9      | Lost mutation: You evolve. [end of evolution]
 13137 | D:9      | Gained mutation: You have sharp toenails. [potion of mutation]
 13137 | D:9      | Gained mutation: You are partially covered in slimy green scales (AC +2). [potion of mutation]
 13137 | D:9      | Gained mutation: Your muscles are very strong. (Str +4) [potion of mutation]
 13288 | D:9      | Found a staircase to the Lair.
 13623 | Lair:1   | Entered Level 1 of the Lair of Beasts
 13623 | Lair:1   | Noticed a spiny frog
 13648 | D:10     | Entered Level 10 of the Dungeon
 13651 | D:10     | Noticed a komodo dragon
 13777 | D:10     | Reached skill level 5 in Hexes
 13975 | D:10     | Reached XP level 10. HP: 74/74 MP: 11/11
 14139 | D:10     | Found a staircase to the Orcish Mines.
 14180 | D:10     | Reached ** piety under Dithmenos
 14585 | D:10     | Reached skill level 5 in Invocations
 15918 | D:11     | Noticed Sonja
 15940 | D:11     | Killed Sonja
 15940 | D:11     | Reached *** piety under Dithmenos
 16400 | D:9      | Reached XP level 11. HP: 72/81 MP: 13/13
 16968 | D:12     | Found Visch's Antique Weapon Shoppe.
 16973 | D:12     | Bought a twisted executioner's axe for 300 gold pieces
 17028 | D:12     | Noticed a four-headed hydra
 17240 | D:10     | Noticed an unseen horror
 17276 | D:10     | Killed an unseen horror
 18002 | D:10     | Found a roughly hewn altar of Beogh.
 18041 | Orc:1    | Entered Level 1 of the Orcish Mines
 18048 | Orc:1    | Noticed an orc sorcerer
 18049 | Orc:1    | Noticed an orc knight
 18955 | D:13     | Noticed a deep elf mage
 19191 | D:13     | Noticed a necromancer
 20089 | D:13     | Noticed a centaur warrior
 20238 | D:13     | You fall through a shaft for 2 floors!
 20238 | D:15     | Entered Level 15 of the Dungeon
 20511 | D:15     | Noticed a green ugly thing
 20511 | D:15     | Noticed a green ugly thing
 20512 | D:15     | Noticed a green ugly thing
 20525 | D:15     | Noticed a green ugly thing
 20526 | D:15     | Noticed a green ugly thing
 20527 | D:15     | Noticed a green ugly thing
 20551 | D:15     | Killed a red ugly thing
 20572 | D:15     | Killed a red ugly thing
 20572 | D:15     | Reached XP level 12. HP: 27/91 MP: 15/15
 20578 | D:15     | HP: 2/91 [two-headed ogre/giant club (16)]
 20581 | D:15     | Reached skill level 10 in Shields
 20590 | D:15     | HP: 4/91 [acid (3)]
 20839 | D:14     | Noticed a wizard
 21025 | D:14     | Reached skill level 10 in Slings
 21292 | D:14     | Noticed a tengu warrior
 21571 | D:15     | HP: 4/91 [troll (3)]
 22124 | D:15     | Noticed a centaur warrior
 22136 | D:15     | HP: 1/136 [gargoyle/stone arrow (25)]
 22142 | D:15     | Identified the +3 executioner's axe of Mestraecs {chop, rF+ rN+ Dex-2} (You bought it in a shop on level 12 of the Dungeon)
 22146 | D:15     | HP: 1/136 [burnt (7)]
 22146 | D:15     | Slain by a mottled dragon

Skill      XL: |  1  2  3  4  5  6  7  8  9 10 11 12 |
---------------+-------------------------------------+-----
Armour         | 5 6 7 |  7.3
Fighting       | 3 4 5 6 7 |  7.4
Shields        | 1 2 3 5 7 9 10 | 10.6
Invocations    | 2 3 4 5 6 7 |  7.1
Hexes          | 1 2 3 5 6 7 |  7.1
Slings         | 1 2 5 7 8 9 10 | 10.0
Stealth        | 2 3 4 |  4.3
Poison Magic   | 1 2 4 5 6 8 |  8.5
Axes           | |  2.0
Throwing       | |  1.0
Evocations     | |  0.2

Action                   |  1- 3 |  4- 6 |  7- 9 | 10-12 || total
-------------------------+-------+-------+-------+-------++-------
Melee: Hand axe          |    26 |   136 |   307 |   446 ||   915
       Short sword       |       |    62 |       |       ||    62
       Dagger            |       |       |    16 |    17 ||    33
       Whip              |       |       |       |    44 ||    44
       Executioner's axe |       |       |       |     4 ||     4
 Fire: Hunting sling     |       |    67 |   226 |   214 ||   507
       Shortbow          |       |       |    30 |   102 ||   132
       Blowgun           |       |       |    15 |    36 ||    51
Throw: Stone             |    26 |   124 |    16 |     6 ||   172
       Javelin           |       |    14 |    17 |    27 ||    58
       Tomahawk          |       |       |     2 |     5 ||     7
 Cast: Cure Poison       |       |       |     2 |       ||     2
       Ensorcelled Hiber |       |       |       |     5 ||     5
 Abil: Shaft Self        |       |       |       |     1 ||     1
Evoke: Wand              |       |       |       |     4 ||     4
       Rod               |       |       |       |     3 ||     3
  Use: Potion            |       |     3 |     3 |     9 ||    15
 Stab: Sleeping          |       |     1 |       |     4 ||     5
  Eat: Meat ration       |       |     1 |       |       ||     1
       Chunk             |       |     5 |    27 |    13 ||    45
       Bread ration      |       |     1 |       |     3 ||     4
Armor: Robe              |     2 |    53 |     8 |       ||    63
       Leather armour    |       |       |    81 |   181 ||   262
       Skin              |       |       |       |    54 ||    54
Dodge: Dodged            |    10 |    82 |   104 |   321 ||   517
Block: Shield            |       |    46 |   119 |   345 ||   510
